 Dungeon Crawl Stone Soup version 0.29.1-15-g9cfb28693d (webtiles) character file.

Game seed: 9550975290105257862

7945 Peloso the Carver (level 11, -1/97 HPs)
             Began as a Minotaur Fighter on Apr 20, 2023.
             Slain by an orc warrior
             ... wielding a +2 halberd of protection
              (18 damage)
             ... on level 9 of the Dungeon.
             The game lasted 00:26:25 (11548 turns).

Peloso the Carver (Minotaur Fighter)               Turns: 11548, Time: 00:26:26

Health: -1/97      AC:  9    Str: 23    XL:     11   Next: 3%
Magic:  0/1        EV: 15    Int:  5    God:
Gold:   455        SH:  6    Dex: 12    Spells: 10/10 levels left

rFire   + . .      SeeInvis +   a - +0 long sword
rCold   + . .      Faith    .   d - +0 buckler
rNeg    + . .      Spirit   +   D - +1 scale mail of Ojoikhloi {rF+ rC+ rN+ MP-9}
rPois   .          Reflect  .   o - +0 hat
rElec   .          Harm     .   (no cloak)
rCorr   .          Rampage  .   (no gloves)
Will    .....                   (no boots)
Stlth   +.........              t - amulet of guardian spirit
HPRegen 0.26/turn               h - ring of see invisible
MPRegen 0.07/turn               m - +4 ring of evasion

@: about to teleport
A: horns 2, retaliatory headbutt
a: no special abilities


You were on level 9 of the Dungeon.
You visited 2 branches of the dungeon, and saw 10 of its levels.
You also visited: Sewer.

You collected 633 gold pieces.
You spent 178 gold pieces at shops.

Inventory:

Hand Weapons
 a - a +0 long sword (weapon)
 b - a +5 hand axe
Armour
 c - a +0 chain mail
 d - a +0 buckler (worn)
 o - a +0 hat (worn)
 D - the +1 scale mail of Ojoikhloi (worn) {rF+ rC+ rN+ MP-9}
   (You bought it in a shop on level 2 of the Dungeon)

   rF:        It protects you from fire.
   rC:        It protects you from cold.
   rN:        It protects you from negative energy.
   MP:        It affects your magic capacity (-9).
Jewellery
 h - a ring of see invisible (left hand)
 m - a +4 ring of evasion (right hand)
 t - an amulet of guardian spirit (around neck)
 B - a +4 ring of protection
 G - a ring of resist corrosion
 I - a ring of ice
 K - a ring of ice
Wands
 u - a wand of paralysis (21)
 A - a wand of quicksilver (4)
 J - a wand of roots (11)
Scrolls
 g - 2 scrolls of fog
 i - 2 scrolls of fear
 l - a scroll of acquirement {unknown}
 p - a scroll of poison
 r - 4 scrolls of amnesia
 s - a scroll of silence {unknown}
 v - 2 scrolls of blinking {unknown}
 x - a scroll of enchant weapon {unknown}
 y - a scroll of summoning {unknown}
 z - 2 scrolls of teleportation
 C - 2 scrolls of noise {unknown}
 E - a scroll of identify
 H - a scroll of torment {unknown}
 L - a scroll of brand weapon {unknown}
Potions
 e - 4 potions of brilliance {unknown}
 f - 3 potions of haste
 j - 4 potions of mutation {unknown}
 k - a potion of curing
 n - a potion of might
 q - a potion of invisibility
 w - 2 potions of heal wounds
 F - a potion of ambrosia
 M - a potion of flight {unknown}
 N - a potion of attraction {unknown}


   Skills:
 + Level 9.5 Fighting
 + Level 12.7 Long Blades
 + Level 10.5 Armour
 + Level 4.6 Dodging
 + Level 2.1 Stealth
 + Level 7.7 Shields
 + Level 0.3 Evocations


You had 10 spell levels left.
You didn't know any spells.
Your spell library contained the following spells:

 Spells                   Type           Power      Damage    Failure   Level
 Beastly Appendage        Tmut           0%         N/A       80%         1
 Magic Dart               Conj           0%         1d3       80%         1
 Shock                    Conj/Air       0%         1d3       80%         1
 Call Imp                 Summ           0%         N/A       91%         2
 Ensorcelled Hibernation  Hex/Ice        0%         N/A       91%         2
 Sublimation of Blood     Necr           0%         N/A       91%         2
 Wereblood                Tmut           0%         N/A       91%         2
 Mephitic Cloud           Conj/Pois/Air  0%         N/A       99%         3
 Spider Form              Tmut/Pois      0%         N/A       99%         3
 Swiftness                Air            0%         N/A       99%         3
 Airstrike                Air            0%         2d(0-16)  100%        4
 Anguish                  Hex/Necr       0%         N/A       100%        4
 Leda's Liquefaction      Hex/Erth       0%         N/A       100%        4
 Passage of Golubria      Tloc           0%         N/A       100%        4
 Lee's Rapid Deconstruct  Erth           0%         3d5*      100%        5
 Silence                  Hex/Air        0%         N/A       100%        5
 Statue Form              Tmut/Erth      0%         N/A       100%        6
 Summon Hydra             Summ           0%         N/A       100%        7
 Lehudib's Crystal Spear  Conj/Erth      0%         10d2      100%        8


Dungeon Overview and Level Annotations

Branches:
Dungeon (9/15)             Temple (1/1) D:7           Sewer (visited)
   Lair: D:8-11         Orc: D:9-12

Altars:
Ashenzari
Cheibriados
Dithmenos
Elyvilon
Fedhas
Gozag
Hepliaklqana
Kikubaaqudgha
Makhleb
Nemelex Xobeh
Qazlal
Ru
Uskayaw
Wu Jian
Yredelemnul
Zin
The Shining One

Shops:
D:2 *   D:4 (


Innate Abilities, Weirdness & Mutations

You have a pair of horns on your head.
You reflexively headbutt those who attack you in melee.


Message History

The centaur shoots an arrow.
The arrow hits you!
The centaur shoots an arrow.
The arrow barely misses you.
You hear a shout!
The centaur shoots an arrow.
You block the arrow.
The centaur shoots an arrow.
The arrow barely misses you. You block the orc warrior's attack.
You block the orc warrior's attack.
The orc priest looks satisfied for a moment.
You hit the orc warrior but do no damage.
The orc warrior barely misses you. You furiously retaliate!
You headbutt the orc warrior.
You hit the orc warrior but do no damage.
The orc warrior is lightly wounded.
You block the orc warrior's attack.
You hit the orc warrior but do no damage.
The orc warrior is lightly wounded.
You block the orc warrior's attack.
The orc wizard casts a spell.
The orc wizard flickers and vanishes for a moment.
You closely miss the orc warrior.
The orc warrior is lightly wounded.
The orc warrior hits you with a +2 halberd of protection!
You hit the orc warrior but do no damage.
The orc warrior is lightly wounded.
You hit the orc warrior but do no damage.
The orc warrior is lightly wounded.
The orc warrior closely misses you. You furiously retaliate!
You headbutt the orc warrior! You completely miss the orc warrior.
Your headbutt misses the orc warrior.
The orc warrior is moderately wounded.
The orc warrior hits you with a +2 halberd of protection!
* * * LOW HITPOINT WARNING * * *
You barely miss the orc warrior.
The orc warrior is moderately wounded.
The orc warrior hits you with a +2 halberd of protection.
* * * LOW HITPOINT WARNING * * *
As you read the scroll of teleportation, it crumbles to dust.
You feel strangely unstable.
The orc warrior hits you with a +2 halberd of protection!!
You die...

....... #......#
#...... #......#
#...... #......#
#......########....).#
........o..c.........#
.......oz.o..oz......#
#.####c######.o.....#
#o# #.......# #@#
#.......# #.#
#o..z...# #.#
#..c....### #.#
#o......... ..#
+.......### ...#
+.......# ....#
#.......#
.....######.......#
...................###


You could see an orc warrior, a centaur, a wight, an orc priest and an orc
wizard (invisible).

Vanquished Creatures
  A two-headed ogre (D:9)
  A shadow (D:8)
  A wraith (D:8)
  2 wyverns
  12 yaks
  3 steam dragons (D:8)
  Edmund (D:6)
  3 water moccasins (D:7)
  3 orc warriors
  2 ice beasts (D:6)
  2 ogres (D:6)
  3 centaurs
  A phantom (D:5)
  10 kobold brigands
  3 bullfrogs
  Blork the orc (D:6)
  A gnoll sergeant (D:6)
  A necrophage (D:5)
  5 scorpions
  5 wights
  9 killer bees
  A howler monkey (D:5)
  5 gnoll boudas
  2 hounds
  2 jellies
  7 orc priests
  2 iguanas
  8 orc wizards
  11 adders
  17 gnolls
  3 river rats
  3 shadow imps
  A white imp (D:7)
  3 ufetubi
  7 worms
  4 dart slugs
  33 orcs
  3 bats
  8 endoplasms
  4 giant cockroaches
  7 goblins
  9 hobgoblins
  2 jackals (D:4)
  8 kobolds
  5 quokkas
  11 ball pythons
  3 frilled lizards
  5 rats
244 creatures vanquished.

Vanquished Creatures (others)
  21 fungi (D:3)
21 creatures vanquished.

Grand Total: 265 creatures vanquished

Notes
Turn   | Place    | Note
-------+----------+-------------------------------------------
     0 | D:1      | Peloso the Minotaur Fighter began the quest for the Orb.
     0 | D:1      | Reached XP level 1. HP: 19/19 MP: 0/0
   212 | D:1      | Reached XP level 2. HP: 27/27 MP: 1/1
   564 | D:1      | Found a faded altar of an unknown god.
   875 | D:2      | Reached XP level 3. HP: 31/33 MP: 2/2
  1039 | D:2      | Reached skill level 3 in Long Blades
  1144 | D:2      | Found Xohes's Assorted Antiques.
  1153 | D:2      | Bought 2 scrolls labelled UTOMEU VUOB for 30 gold pieces
  1153 | D:2      | Bought a metallic coppery potion for 13 gold pieces
  1411 | D:2      | Reached XP level 4. HP: 40/40 MP: 3/3
  1801 | D:3      | You fall into a shaft and drop 1 floor!
  1873 | D:4      | Found a burning altar of Makhleb.
  1944 | D:4      | Reached skill level 4 in Long Blades
  2036 | D:4      | Reached XP level 5. HP: 31/46 MP: 4/4
  2041 | D:4      | Found a glowing drain.
  2046 | Sewer    | Entered a sewer
  2166 | Sewer    | Reached skill level 5 in Long Blades
  2235 | Sewer    | Reached skill level 5 in Fighting
  2235 | Sewer    | Reached XP level 6. HP: 51/56 MP: 3/5
  2492 | Sewer    | Reached skill level 5 in Armour
  2786 | Sewer    | Reached skill level 6 in Long Blades
  2919 | Sewer    | Reached XP level 7. HP: 57/61 MP: 4/6
  3113 | Sewer    | Reached skill level 7 in Long Blades
  3411 | D:4      | Found Ynorchago's Antique Weapon Boutique.
  3505 | D:4      | Found a hide-covered altar of Uskayaw.
  3530 | D:4      | Found a glowing golden altar of the Shining One.
  3556 | D:4      | Reached skill level 1 in Dodging
  4035 | D:4      | Reached XP level 8. HP: 67/70 MP: 7/7
  4395 | D:2      | Reached skill level 5 in Shields
  4887 | D:3      | Found a hazy altar of Hepliaklqana.
  5104 | D:5      | Entered Level 5 of the Dungeon
  5104 | D:5      | Found an ornate altar of the Wu Jian Council.
  5206 | D:5      | Reached skill level 8 in Long Blades
  5364 | D:5      | Reached skill level 1 in Stealth
  5995 | D:2      | Bought a topaz-encrusted scale mail for 135 gold pieces
  5995 | D:2      | Identified the +1 scale mail of Ojoikhloi {rF+ rC+ rN+
                  | MP-9} (You bought it in a shop on level 2 of the Dungeon)
  6092 | D:6      | Noticed Edmund
  6107 | D:6      | Killed Edmund
  6108 | D:6      | Reached skill level 9 in Long Blades
  6303 | D:6      | Found a broken altar of Ashenzari.
  6611 | D:6      | Noticed Blork the orc
  6614 | D:6      | Killed Blork the orc
  6615 | D:6      | Reached XP level 9. HP: 78/78 MP: 0/8
  6730 | D:6      | Reached skill level 10 in Long Blades
  7625 | D:7      | Found a sparkling altar of Nemelex Xobeh.
  8307 | D:7      | Reached skill level 11 in Long Blades
  8327 | D:7      | Found a staircase to the Ecumenical Temple.
  8342 | Temple   | Entered the Ecumenical Temple
  8571 | D:7      | Reached XP level 10. HP: 68/88 MP: 0/9
  9260 | D:8      | Found an opulent altar of Gozag.
  9784 | D:8      | Reached skill level 10 in Armour
 10108 | D:8      | Found a white marble altar of Elyvilon.
 10138 | D:8      | Reached skill level 12 in Long Blades
 11115 | D:9      | Noticed a two-headed ogre
 11125 | D:9      | Killed a two-headed ogre
 11486 | D:9      | Reached XP level 11. HP: 97/97 MP: 1/10
 11504 | D:9      | Noticed a two-headed ogre
 11548 | D:9      | Slain by an orc warrior

Illustrated notes

Levels and vault maps discovered:
D:1:      dpeg_arrival_snail, layout_basic,
          hellmonk_ecumenical_altar_inner_sanctum
D:2:      layout_basic, serial_shops, nicolae_shop_stone
D:3:      layout_basic, mainiacjoe_overflow_chevrons
D:4:      layout_gridville, mainiacjoe_overflow_boulevard,
          nicolae_uskayaw_murder_on_the_dancefloor, makhleb_heckhound_becter,
          serial_shops, nicolae_square_shop, gup_sewer_entry_spiral
D:5:      layout_basic, mainiacjoe_overflow_brackets, st_stairs_14
D:6:      layout_cave_pools, nicolae_ashenzari_skybound,
          wad_floor_pattern_untrapped, uniq_edmund, uniq_blork_the_orc
D:7:      layout_rooms, mainiacjoe_overflow_24_doors,
          minmay_temple_entry_antechambers, kennysheep_nondescript,
          minmay_fractal_squares_diagonal_5
D:8:      layout_loops_cross, amcnicky_altar_gilded, palyth_stone_intersect,
          minmay_ruined_shrine
D:9:      minmay_quarter_circles, layout_irregular_city,
          nzn_overflow_gifts_of_might_and_magic, okawaru_humans,
          fiery_altar_vehumet
Temple:   nicolae_temple_cloud_nine

Skill      XL: |  1  2  3  4  5  6  7  8  9 10 |
---------------+-------------------------------+-----
Armour         | 4 5 6 8 9 10 | 10.5
Fighting       | 4 5 6 7 9 |  9.5
Shields        | 4 5 6 7 |  7.7
Long Blades    | 3 4 5 6 7 9 11 12 | 12.7
Dodging        | 1 3 4 |  4.6
Stealth        | 1 2 |  2.1
Evocations     | |  0.3

Action                   |  1- 3 |  4- 6 |  7- 9 | 10-12 || total
-------------------------+-------+-------+-------+-------++-------
Melee: Long sword        |    79 |   170 |   488 |   256 ||   993
       Headbutt          |    10 |    26 |   105 |    65 ||   206
Evoke: Wand              |       |       |     2 |       ||     2
  Use: Scroll            |       |       |    10 |     5 ||    15
       Potion            |       |       |     5 |       ||     5
Armor: Scale mail        |    32 |       |    53 |    59 ||   144
       Chain mail        |     7 |    50 |    69 |       ||   126
Dodge: Dodged            |    37 |    75 |   261 |   157 ||   530
Block: Buckler           |    20 |    35 |   117 |    78 ||   250
